AoeStats
← M4lt3

Socotra

506261137Analyzed
2v2 RM · 18d ago on Sep 12, 2026· 37m 50s· 4 players
Game mode
Random Map
Map size
Tiny (2 player)
Population
200
Speed
Normal
Resources
Standard
Victory
Conquest
Starting age
Dark Age
Ending age
Imperial Age
RankedLock teamsTeams togetherTeam positionsShared explorationLock speedFull tech treeHidden civsTurbo modeCheats
Victory
Defeat
🇩🇪 Inca · Germany
1658
+10
🇩🇪 Romans · Germany
1623
+11
🇦🇷 Mongols · Argentina
1520
-11
🇦🇷 Bulgarians · Argentina
1513
-10
Axolot
6:27 Loom
9:26 Feudal Age
10:02 Double-Bit Axe
16:06 Fletching
20:51 Padded Archer Armor
24:29 Gold Mining
29:47 Horse Collar
34:35 Wheelbarrow
34:33 Stone Mining
38:33 Castle Age
[VA] Tano_Pacman
6:24 Loom
8:53 Feudal Age
13:00 Fletching
15:19 Double-Bit Axe
22:37 Scale Mail Armor
23:46 Padded Archer Armor
27:08 Castle Age
28:12 Bodkin Arrow
28:13 Elite Skirmisher
32:51 Bow Saw
32:22 Horse Collar
37:44 Bloodlines
37:40 Scale Barding Armor
105er.G0ldenFir3
6:53 Loom
9:12 Feudal Age
9:41 Double-Bit Axe
9:52 Man-at-Arms
11:04 Double-Bit Axe
12:26 Fletching
16:02 Wheelbarrow
16:09 Stone Mining
16:11 Gold Mining
20:52 Scale Mail Armor
20:57 Scale Barding Armor
22:40 Padded Archer Armor
28:00 Castle Age
28:02 Crossbowman
28:38 Bodkin Arrow
29:09 Bow Saw
30:30 Ballistics
34:12 Hand Cart
33:44 Horse Collar
34:41 Stone Mining
34:57 Heavy Plow
35:43 Gold Shaft Mining
M4lt3
6:22 Loom
9:05 Feudal Age
9:51 Double-Bit Axe
19:39 Fletching
20:49 Town Watch
21:56 Padded Archer Armor
27:48 Castle Age
27:15 Gold Mining
27:05 Horse Collar
28:14 Wheelbarrow
27:59 Crossbowman
28:35 Bodkin Arrow
29:23 Bow Saw
28:54 Horse Collar
37:08 Imperial Age
35:33 Gold Shaft Mining
35:57 Ballistics
37:52 Bracer
Connection lost

Rejoining the realm…

Still unreachable

The connection could not be restored.

Session expired

The server has moved on; the page needs a fresh start.